AoeStats
← paulo.nonaka

QS Arena

503204990Analyzed
3v3 RM · 1mo ago on Aug 30, 2026· 47m 44s· 6 players
Game mode
Random Map
Map size
Normal (6 player)
Population
200
Speed
Normal
Resources
Standard
Victory
Conquest
Starting age
Dark Age
Ending age
Imperial Age
RankedLock teamsTeams togetherTeam positionsShared explorationLock speedFull tech treeHidden civsTurbo modeCheats
Victory
Defeat
🇪🇸 Franks · Spain
1039
+11
🇲🇽 Gurjaras · Mexico
989
+13
🇧🇪 Turks · Belgium
987
+13
🇧🇷 Vietnamese · Brazil
964
-14
🇧🇷 Byzantines · Brazil
950
-13
🇧🇷 Spanish · Brazil
881
-11
Dr_muerte_23
8:24 Feudal Age
13:03 Castle Age
11:07 Double-Bit Axe
12:12 Loom
13:08 Horse Collar
18:15 Stone Mining
19:50 Wheelbarrow
20:06 Gold Mining
21:00 Bow Saw
22:16 Hand Cart
21:47 Town Watch
27:09 Imperial Age
26:14 Gold Shaft Mining
26:16 Stone Shaft Mining
25:45 Heavy Plow
26:02 Kshatriyas
27:25 Forging
27:21 Scale Barding Armor
27:17 Scale Mail Armor
27:08 Fletching
27:04 Treadmill Crane
27:45 Ballistics
27:36 Masonry
27:22 Murder Holes
27:51 Arson
28:55 Conscription
29:30 Iron Casting
29:11 Chain Mail Armor
29:53 Elite Chakram Thrower
31:49 Plate Mail Armor
33:35 Frontier Guards
42:10 Hoardings
42:40 Chemistry
42:11 Architecture
41:52 Fortified Wall
42:06 Chain Barding Armor
41:42 Bodkin Arrow
41:51 Town Patrol
41:38 Heavy Camel Rider
42:18 Husbandry
42:29 Bloodlines
42:24 Bracer
43:32 Plate Barding Armor
43:31 Crop Rotation
WinterVison
10:25 Feudal Age
11:58 Double-Bit Axe
15:16 Castle Age
20:50 Imperial Age
19:32 Bow Saw
19:09 Horse Collar
21:35 Wheelbarrow
30:27 Ballistics
34:41 Bloodlines
34:33 Husbandry
39:18 Parthian Tactics
41:52 Hand Cart
45:04 Murder Holes
46:31 Bombard Tower
46:37 Artillery
47:03 Conscription
oxy
0:34 Loom
11:26 Feudal Age
17:06 Castle Age
15:52 Double-Bit Axe
18:52 Wheelbarrow
18:02 Town Watch
18:49 Bow Saw
18:33 Gold Mining
21:03 Hand Cart
28:24 Imperial Age
26:08 Fletching
26:36 Husbandry
25:57 Light Cavalry
27:40 #83
27:57 Caravan
28:51 Scale Barding Armor
28:57 Forging
28:43 Bodkin Arrow
29:36 Conscription
29:08 Cavalier
30:34 Chain Barding Armor
29:40 Pikeman
30:21 Squires
31:31 Gold Shaft Mining
31:59 Paladin
34:01 Masonry
33:47 Murder Holes
34:14 Ballistics
34:56 Chemistry
33:49 Stone Mining
35:22 Fortified Wall
35:43 Architecture
36:07 Iron Casting
35:33 Scale Mail Armor
36:09 Plate Barding Armor
35:17 Halberdier
35:44 Arson
36:14 Padded Archer Armor
37:54 Blast Furnace
37:01 Gambesons
36:37 Man-at-Arms
39:20 Hoardings
38:07 Elite Throwing Axeman
40:32 Chain Mail Armor
44:35 Plate Mail Armor
Joelho de Ganso
6:10 Loom
10:28 Feudal Age
11:32 Double-Bit Axe
17:26 Castle Age
16:39 Horse Collar
19:01 Wheelbarrow
18:12 Town Watch
19:39 Heavy Plow
21:37 Pikeman
22:03 Gambesons
24:14 Scale Mail Armor
24:24 Forging
26:05 Hand Cart
27:32 Thumb Ring
26:47 Elite Skirmisher
27:49 Elite Skirmisher
29:54 Padded Archer Armor
29:44 Fletching
paulo.nonaka
12:17 Feudal Age
12:51 Double-Bit Axe
13:01 Gold Mining
12:56 Horse Collar
14:39 Padded Archer Armor
17:41 Castle Age
17:00 Town Watch
17:55 Wheelbarrow
17:52 Stone Mining
17:54 Crossbowman
18:56 Fletching
21:21 Bodkin Arrow
23:07 Thumb Ring
24:28 Hand Cart
24:40 Bow Saw
24:30 Elite Skirmisher
28:56 Fortified Wall
31:23 Murder Holes
35:29 Ballistics
37:07 Leather Archer Armor
38:54 Forging
38:57 Pikeman
41:03 Treadmill Crane
42:42 Iron Casting
43:24 Loom
44:45 Heavy Plow
45:05 Squires
Nonaka
9:03 Feudal Age
9:56 Double-Bit Axe
14:35 Castle Age
12:19 Horse Collar
12:35 Gold Mining
14:28 Wheelbarrow
15:27 Bow Saw
15:31 Heavy Plow
27:44 Imperial Age
25:02 Loom
25:34 Hand Cart
26:26 Stone Mining
26:31 Treadmill Crane
26:47 Murder Holes
27:14 Ballistics
27:22 Forging
27:13 Scale Mail Armor
27:03 Fletching
27:14 Padded Archer Armor
27:27 Fortified Wall
27:31 Pikeman
28:12 Squires
27:57 Arson
29:19 Stone Shaft Mining
29:23 Gold Shaft Mining
29:56 Two-Man Saw
29:29 Crop Rotation
30:12 Chemistry
29:09 Halberdier
30:44 Iron Casting
31:00 Bodkin Arrow
31:21 Leather Archer Armor
31:22 Chain Mail Armor
33:39 Conscription
37:04 Plate Mail Armor
36:35 Bracer
37:05 Ring Archer Armor
36:41 Scale Barding Armor
36:40 Husbandry
36:00 Light Cavalry
36:01 Cavalier
37:35 Thumb Ring
36:51 Elite Skirmisher
39:30 Imperial Skirmisher
46:02 Heavy Camel Rider
46:03 Hussar
48:19 Chain Barding Armor
Connection lost

Rejoining the realm…

Still unreachable

The connection could not be restored.

Session expired

The server has moved on; the page needs a fresh start.